 Dungeon Crawl Stone Soup version 0.28-a0-474-g535839065c (webtiles) character file.

Game seed: 18322968644112562439

112 spiderkeys the Skirmisher (level 4, 0/33 HPs)
             Began as an Octopode Abyssal Knight on Sept 15, 2021.
             Was a Believer of Lugonu.
             Hit by a stone thrown by a kobold (1 damage)
             ... on level 3 of the Dungeon.
             The game lasted 00:03:01 (1754 turns).

spiderkeys the Skirmisher (Octopode Abyssal Knight) Turns: 1754, Time: 00:03:02

Health: 0/33       AC:  1    Str: 12    XL:     4   Next: 95%
Magic:  5/6        EV: 14    Int: 14    God:    Lugonu [**....]
Gold:   83         SH:  0    Dex: 13    Spells: 3/3 levels left

rFire   + . .      SeeInvis .   c - +8 flail of Animal Spirits {distort, rElec rF+ Dex+2}
rCold   . . .      Faith    .   (no shield)
rNeg    . . .      Spirit   .   (helmet restricted)
rPois   +          Reflect  .   (no amulet)
rElec   +          Harm     .   P - ring of poison resistance
rCorr   .          Rampage  .   (no ring)
Will    .....                   (no ring)
Stlth   ++........              (no ring)
HPRegen 0.11/turn               (no ring)
MPRegen 0.10/turn               (no ring)
                                (no ring)
                                (no ring)

@: about to teleport
A: almost no armour, amphibious, 8 rings, camouflage 1, gelatinous body 1,
(nimble swimmer 1), tentacles
a: Renounce Religion, Depart the Abyss, Bend Space


You were on level 3 of the Dungeon.
You worshipped Lugonu.
Lugonu was pleased with you.
You visited 1 branch of the dungeon, and saw 3 of its levels.
You visited the Abyss 1 time.

You collected 83 gold pieces.


Innate Abilities, Weirdness & Mutations

You cannot wear most types of armour.
You are amphibious.
You can wear up to eight rings at the same time.
Your skin changes colour to match your surroundings (Stealth+).
Your rubbery body absorbs attacks. (AC +1, EV +1)
((You are camouflaged near water. (Stealth+)))
You have tentacles for arms and can constrict up to eight enemies at once.


   Skills:
 + Level 3.7 Fighting
 + Level 2.0 Maces & Flails
 - Level 2.0 Polearms
 + Level 3.2 Dodging
 + Level 3.1 Invocations


You had 3 spell levels left.
You didn't know any spells.
Your spell library was empty.

Inventory:

Hand Weapons
 a - a +1 spear
 c - the +8 flail of Animal Spirits (weapon) {distort, rElec rF+ Dex+2}
   (You found it on level 2 of the Abyss)

   It warps and distorts space around it, and may blink, banish, or inflict
   extra damage upon those it strikes.
   Unwielding it can cause banishment or high damage.
   Dex:       It affects your dexterity (+2).
   rF:        It protects you from fire.
   rElec:     It insulates you from electricity.
Missiles
 f - 28 stones
 i - 40 arrows
 j - 3 boomerangs
 k - 28 sling bullets
 m - 20 bolts
Armour
 o - a +0 kite shield
   (You found it on level 2 of the Dungeon)
Magical Staves
 h - a staff of cold {!a}
   (You found it on level 1 of the Dungeon)
Jewellery
 P - a ring of poison resistance (left tentacle)
   (You found it on level 1 of the Dungeon)
Wands
 b - a wand of flame (29)
   (You found it on level 2 of the Abyss)
Scrolls
 d - a scroll of blinking {unknown}
 g - a scroll of enchant armour
 q - a scroll of noise {unknown}
Potions
 l - a potion of lignification {unknown}
 n - a potion of mutation {unknown}

Dungeon Overview and Level Annotations

Branches:
Dungeon (3/15)

Altars:
Fedhas

Shops:
D:1

* ## ########## #####.#
##...##./.## .......
##..........##
.......####............#
..........#............#
........#.#...K........#
.......@...oo........o)#
.......##........#...#..
:...... ###......#######
#####.. #......# # ...
#......# # ....
#.........#### #....
............... #....
..............#
.###..##.####..


You could see 2 orcs and a kobold.


Message History

You lose your grip on the orc. 😨 HP[+1]
An orc comes into view. It is wielding a +0 short sword.
An orc is nearby!
An orc is nearby!
An orc is nearby!
You are too injured to fight recklessly!
You are too injured to fight recklessly!
An orc wizard comes into view. It is wielding a +2 dagger of venom.
The orc shouts!
You hear a shout! x2
Okay, then.
The orc throws a boomerang.
The boomerang closely misses you. 2 orcs come into view.
The orc shouts!
An orc comes into view. It is wielding a +0 falchion.
The orc moves out of view.
The orc shouts!
You thump the orc wizard!
Space bends around the orc wizard.
You kill the orc wizard!
Lugonu accepts your kill.
You hear a shout!
An orc comes into view. It is wielding a +0 whip.
The orc closely misses you.
Your Invocations skill increases to level 3! 😨 HP[+1]
You now have 33 max hp (+1).
The orc shouts!
You sock the orc!
You kill the orc!
Lugonu accepts your kill.
An orc comes into view. It is wielding a +0 flail.
A kobold and an orc priest come into view.
Found 23 sling bullets.
Found a stone staircase leading down.
The kobold shouts!
Things that are here:
a +2 dagger of venom; a +0 robe; an orc corpse The orc priest shouts!
You sock the orc!
You kill the orc!
Lugonu accepts your kill.
A jelly comes into view.
The orc hits you but does no damage.
Your Maces & Flails skill increases to level 2! 😨 HP[+1]
The orc priest mumbles some strange prayers to Beogh against you.
Beogh smites you!
* * * LOW HITPOINT WARNING * * *
😱 HP[-15]
You take 15 damage, and now have 1/33 hp.
MASSIVE DAMAGE!! (PAUSE)
You feel better.
The orc priest looks braver for a moment.
The orc hits you with a +0 falchion.
* * * LOW HITPOINT WARNING * * *
😱 HP[+2]
You regained 2 hp, and now have 3/33 hp.
You feel better. The orc barely misses you. 😨 HP[+7]
You regained 7 hp, and now have 10/33 hp.
Items here: )) [ ††.
Items here: )) [ †. 😨 HP[+1]
Okay, then.
Aiming: Throw Flame
Press: ? - help, Shift-Dir - straight line, f - orc
Aim: an orc, wielding a +0 falchion and wearing a +0 leather armour (68% to hit)
The puff of flame hits the orc!
You kill the orc!
Lugonu accepts your kill.
Aiming: Throw Flame
Press: ? - help, Shift-Dir - straight line, f - orc
Aim: an orc, wielding a +0 whip (68% to hit)
The puff of flame hits the orc!
You kill the orc!
Lugonu accepts your kill.
Aiming: Throw Flame
Press: ? - help, Shift-Dir - straight line, f - orc
Aim: an orc, wielding a +0 flail and wearing a +0 ring mail (72% to hit)
The puff of flame hits the orc but does no damage.
Aiming: Throw Flame
Press: ? - help, Shift-Dir - straight line, f/p - orc
Aim: an orc, wielding a +0 flail and wearing a +0 ring mail (72% to hit)
The puff of flame misses the orc.
The orc hits you with a +0 flail!
* * * LOW HITPOINT WARNING * * *
😱 HP[-9]
You take 9 damage, and now have 2/33 hp.
MASSIVE DAMAGE!! (PAUSE)
The orc priest shouts!
The orc priest casts a cantrip, but nothing happens. 😱 HP[+1]
Okay, then.
Space bends around you!
You blink. 😱 HP[-2] MP[-1]
You take 2 damage, and now have 1/33 hp.
You lost 1 mp, and now have 5/6 mp.
As you read the scroll of teleportation {@r4}, it crumbles to dust.
You feel strangely unstable.
The kobold throws a stone.
The stone hits you.
You die...

Skill      XL: |  1  2  3  4 |
---------------+-------------+-----
Maces & Flails | 1 2 |  2.0
Dodging        | 3 |  3.2
Invocations    | 3 |  3.1
Fighting       | |  3.7
Polearms       | |  2.0

Action                   |  1- 3 |  4- 6 || total
-------------------------+-------+-------++-------
Melee: Flail             |    58 |    18 ||    76
       Constrict         |     9 |     5 ||    14
       Tentacles         |     4 |     2 ||     6
Invok: Depart the Abyss  |     1 |       ||     1
       Bend Space        |       |     1 ||     1
Evoke: Wand              |       |     4 ||     4
  Use: Scroll            |     1 |     4 ||     5
       Potion            |       |     2 ||     2
 Stab: Sleeping          |     6 |     1 ||     7
Armor: Skin              |     9 |     1 ||    10
Dodge: Dodged            |    31 |    16 ||    47

Levels and vault maps discovered:
D:1:      tarquinn_simple_flora_water_a, layout_rooms, serial_shops, shop
D:2:      minmay_spotlight, layout_basic,
          dreamdust_ecumenical_altar_hidden_monk_grotto, basic_altar
D:3:      layout_rooms, makhleb_altar_promises_db, trog_wizard,
          grunt_decor_arrowhead

Notes
Turn   | Place    | Note
-------+----------+-------------------------------------------
     0 | Abyss:1  | spiderkeys the Octopode Abyssal Knight began the quest for
                  | the Orb.
     0 | Abyss:1  | Reached XP level 1. HP: 16/16 MP: 2/2
     0 | Abyss:1  | magus.rc [v1.9.10]
    38 | Abyss:2  | Noticed a wretched star
    51 | Abyss:2  | Identified the +8 flail of Animal Spirits {distort, rElec
                  | rF+ Dex+2}
    63 | D:1      | You pass through the gate.
    63 | D:1      | Escaped the Abyss
   165 | D:1      | Reached * piety under Lugonu
   166 | D:1      | Reached XP level 2. HP: 18/21 MP: 3/3
   566 | D:1      | Reached skill level 1 in Maces & Flails
   609 | D:1      | Found Ittirphoy's Assorted Antiques.
   678 | D:1      | Reached XP level 3. HP: 25/26 MP: 4/4
   975 | D:2      | Reached ** piety under Lugonu
  1239 | D:2      | Found a faded altar of an unknown god.
  1277 | D:2      | Reached XP level 4. HP: 31/31 MP: 6/6
  1326 | D:2      | Found a blossoming altar of Fedhas.
  1655 | D:3      | Reached skill level 3 in Dodging
  1728 | D:3      | Reached skill level 3 in Invocations
  1731 | D:3      | Reached skill level 2 in Maces & Flails
  1734 | D:3      | HP: 1/33 [orc priest/divine providence (15)]
  1745 | D:3      | HP: 2/33 [orc (9)]
  1754 | D:3      | Hit by a stone thrown by a kobold

Vanquished Creatures
  An orc wizard (D:3)
  2 adders (D:2)
  8 orcs (D:3)
  5 endoplasms
  A giant cockroach (D:1)
  5 goblins
  2 hobgoblins (D:1)
  4 jackals (D:3)
  6 kobolds
  3 quokkas (D:1)
  2 ball pythons (D:2)
  7 bats (D:1)
  5 frilled lizards
  A rat (D:1)
52 creatures vanquished.

Table legend:
 A = Non-vault XP
 B = Vault XP
 C = Vault XP percentage of total XP
 D = Non-vault monster count
 E = Vault monster count
 F = Vault count percentage of total count
                 A         B        C        D         E       F
            +---------+---------+-------+---------+---------+-------
      Total |     140 |      21 |  13.0 |      49 |       6 |  10.9
            +---------+---------+-------+---------+---------+-------
        D:1 |      50 |       0 |   0.0 |      31 |       0 |   0.0
        D:2 |      17 |      21 |  55.3 |       3 |       6 |  66.7
        D:3 |      73 |       0 |   0.0 |      15 |       0 |   0.0
            +---------+---------+-------+---------+---------+-------

Illustrated notes

Table legend:
 A = Kills in this place as a percentage of kills in entire the game.
 B = Kills by you in this place as a percentage of kills by you in the entire game.
 C = Kills by friends in this place as a percentage of kills by friends in the entire game.
 D = Other kills in this place as a percentage of other kills in the entire game.
 E = Experience gained in this place as a percentage of experience gained in the entire game.
 F = Experience gained in this place divided by the number of levels of this place that you have seen.
                   A       B       C       D       E      F
               +-------+-------+-------+-------+-------+----------------------
         Total | 100.0 | 100.0 |   N/A | 100.0 | 100.0 |  32.2
       Dungeon | 100.0 | 100.0 |   N/A | 100.0 | 100.0 |  53.7
               +-------+-------+-------+-------+-------+----------------------

Table legend: (Time is in decaauts)
 A = Elapsed time spent in this place.
 B = Non-inter-level travel time spent in this place.
 C = Inter-level travel time spent in this place.
 D = Time resting spent in this place.
 E = Time spent auto-exploring this place.
 F = Levels seen in this place.
 G = Mean time per level.
                   A        B        C        D        E       F      G
               +--------+--------+--------+--------+--------+-----+--------+
         Total |   1778 |   1740 |     38 |      0 |   1372 |   5 |  355.6 |
       Dungeon |   1715 |   1677 |     38 |      0 |   1363 |   3 |  571.7 |
         Abyss |     62 |     62 |      0 |      0 |      9 |   2 |   31.0 |
               +--------+--------+--------+--------+--------+-----+--------+

Top non-repeatable levels by time:
     D:1: 848 daAuts
     D:2: 756 daAuts
     D:3: 110 daAuts
 Abyss:2: 48 daAuts
 Abyss:1: 14 daAuts
